 Dungeon Crawl Stone Soup version 0.30-a0-711-gf4ac18a38d (webtiles) character file.

Game seed: 9605137078037927976

3049 wormed the Firebug (level 9, -7/68 HPs)
             Began as a Demonspawn Fire Elementalist on Jan 22, 2023.
             Shot with a bolt by an orc warrior (14 damage)
             ... on level 7 of the Dungeon.
             The game lasted 00:13:35 (8307 turns).

wormed the Firebug (Demonspawn Fire Elementalist)   Turns: 8307, Time: 00:13:35

Health: -7/68      AC: 11    Str:  8    XL:     9   Next: 57%
Magic:  12/16      EV: 13    Int: 28    God:
Gold:   363        SH:  0    Dex: 13    Spells: 12/18 levels left

rFire   . . .      SeeInvis .    l - +0 dagger (venom)
rCold   . . .      Faith    .    (no shield)
rNeg    . . .      Spirit   .    b - +0 leather armour
rPois   .          Reflect  .    (no helmet)
rElec   .          Harm     .    (no cloak)
rCorr   +          Rampage  .    g - +1 pair of gloves
Will    .....                    (no boots)
Stlth   +++                      (no amulet)
HPRegen 0.31/turn                d - ring of resist corrosion
MPRegen 0.15/turn                t - +6 ring of intelligence

@: sanguine armoured
A: hooves 1, spiny 2, sanguine armour 1
a: no special abilities


You were on level 7 of the Dungeon.
You visited 1 branch of the dungeon, and saw 8 of its levels.

You collected 363 gold pieces.

Inventory:

Hand Weapons
 c - a +1 dagger
 l - a +0 dagger of venom (weapon)
Armour
 a - a +0 robe
 b - a +0 leather armour (worn)
 g - a +1 pair of gloves (worn)
Magical Staves
 j - a staff of air
Jewellery
 d - a ring of resist corrosion (left hand)
 h - a ring of see invisible
 t - a +6 ring of intelligence (right hand)
Wands
 i - a wand of digging (7)
 x - a wand of flame (19) (quivered)
Scrolls
 k - 2 scrolls of vulnerability
 q - a scroll of magic mapping
 v - a scroll of identify
Potions
 e - a potion of attraction
 m - a potion of lignification
 n - a potion of cancellation
 o - 2 potions of berserk rage
 p - 5 potions of heal wounds {unknown}
 r - a potion of mutation {unknown}
 s - 2 potions of haste {unknown}
 u - 2 potions of brilliance


   Skills:
 + Level 5.4 Fighting
 + Level 5.2 Dodging
 + Level 5.6 Stealth
 + Level 5.2 Spellcasting
 + Level 5.4 Conjurations
 + Level 5.7 Fire Magic


You had 12 spell levels left.
You knew the following spells:

 Your Spells              Type           Power      Damage    Failure   Level
a - Foxfire               Conj/Fire      100%       2x1d9     1%          1
b - Scorch                Fire           78%        2d8       1%          2
c - Inner Flame           Hex/Fire       23%        N/A       9%          3

Your spell library contained the following spells:

 Spells                   Type           Power      Damage    Failure   Level
 Magic Dart               Conj           100%       1d8       1%          1
 Searing Ray              Conj           76%        2d7       1%          2
 Beastly Appendage        Tmut           14%        N/A       10%         1
 Slow                     Hex            28%        N/A       10%         1
 Flame Wave               Conj/Fire      38%        2d10      10%         4
 Kindle Blastsparks       Fire/Tloc/Air  34%        2d12      13%         3
 Ensorcelled Hibernation  Hex/Ice        14%        N/A       14%         2
 Poisonous Vapours        Pois/Air       14%        N/A       14%         2
 Wereblood                Tmut           7%         N/A       14%         2
 Spider Form              Tmut/Pois      7%         N/A       28%         3
 Fulminant Prism          Conj/Hex       11%        3d9       30%         4


Dungeon Overview and Level Annotations

Branches:
Dungeon (8/15)
 Temple: D:4-7         Lair: D:8-11

Altars:
Hepliaklqana
Okawaru
Trog

Shops:
D:2 :   D:6 ?

Annotations:
D:4 2 transporters, octoduck's ghost, amateur DsGl


Innate Abilities, Weirdness & Mutations

You have large cloven feet.
You are mostly covered in sharp spines.
When seriously injured, your blood forms armour. (AC +6)


Message History

The boulder beetle is lightly wounded.
The boulder beetle is struck by your spines.
The boulder beetle barely misses you.
Casting: Scorch (safe; 1% risk of failure)
Confirm with . or Enter, or press ? or * to list all spells.
Flames lash the boulder beetle but do no damage.
The boulder beetle bites you but does no damage.
Casting: Scorch (safe; 1% risk of failure)
Confirm with . or Enter, or press ? or * to list all spells.
Flames lash the orc warrior.
The orc warrior resists.
The orc warrior is lightly wounded.
The orc warrior's fire resistance burns away.
The boulder beetle barely misses you.
You hit the boulder beetle.
The boulder beetle looks as sick as possible!
The boulder beetle is moderately wounded.
The boulder beetle bites you!
You hit the orc warrior but do no damage.
The orc warrior is poisoned.
The orc warrior is lightly wounded.
The orc warrior unwields a +0 arbalest.
The orc warrior wields a +0 halberd.
The orc warrior misses you. The boulder beetle bites you!
You hit the orc warrior but do no damage.
The orc warrior looks as sick as possible!
Your kick misses the orc warrior.
The orc warrior is lightly wounded.
The orc warrior hits you but does no damage.
The boulder beetle bites you!
* * * LOW HITPOINT WARNING * * *
You feel better.
The orc warrior is no longer more vulnerable to fire.
The orc warrior is struck by your spines.
The orc warrior misses you. The boulder beetle bites you!
* * * LOW HITPOINT WARNING * * *
The orc warrior attacks as you move away!
The orc warrior is struck by your spines.
The orc warrior misses you.
The orc warrior unwields a +0 halberd.
The orc warrior wields a +0 arbalest.
The orc warrior shoots a bolt.
The bolt hits you!
You die...

..##....####.#..#####...#.
.............##..........#
.##..........#####....####
.##.##.......# #.......#
.#(.##.......# ##......#.
##g###.......## #..........
#..#####..#...###.........
).............o.#.........
..........)...B>@.....#.#.
.#.####..#.)###.#.##..#.#
.........##)...##.##....#
.........o....<.........#
..###.###....).........$## #
.. ..........<...###.....#..#
.....###########...#........#
....) ...............###...
.... ###########.....#


You could see a boulder beetle (very poisoned) and an orc warrior (extremely
poisoned).

Vanquished Creatures
  Grinder (D:3)
  Sigmund (D:3)
  Eustachio (D:6)
  Menkaure (D:6)
  2 black bears (D:5)
  A sky beast (D:6)
  An ice beast (D:6)
  3 orc warriors
  3 ogres
  A phantom (D:5)
  Blork the orc (D:6)
  2 bullfrogs
  A gnoll sergeant (D:7)
  2 necrophages
  2 scorpions
  7 wights (D:8)
  A jelly (D:5)
  3 hounds
  A gnoll bouda (D:4)
  5 orc wizards
  3 iguanas
  8 gnolls
  7 adders
  2 white imps
  A worm (D:3)
  2 dart slugs (D:4)
  13 orcs
  6 endoplasms
  5 goblins
  9 hobgoblins
  2 jackals (D:5)
  4 quokkas
  8 ball pythons
  4 bats
  6 frilled lizards
  9 kobolds
  3 rats
132 creatures vanquished.

Vanquished Creatures (others)
  97 foxfires
  9 plants (D:3)
106 creatures vanquished.

Grand Total: 238 creatures vanquished

Notes
Turn   | Place    | Note
-------+----------+-------------------------------------------
     0 | D:1      | wormed the Demonspawn Fire Elementalist began the quest for
                  | the Orb.
     0 | D:1      | Reached XP level 1. HP: 13/13 MP: 3/3
   277 | D:1      | Gained mutation: You have large cloven feet. [demonic
                  | ancestry]
   277 | D:1      | Reached XP level 2. HP: 20/20 MP: 5/5
   317 | D:1      | Learned a level 2 spell: Scorch
  1039 | D:2      | Reached XP level 3. HP: 25/25 MP: 0/6
  1290 | D:2      | Got the Precepts of Charged Ensorcelling
  1353 | D:2      | Reached skill level 1 in Fighting
  1353 | D:2      | Gained mutation: You are partially covered in sharp spines.
                  | [demonic ancestry]
  1353 | D:2      | Reached XP level 4. HP: 24/32 MP: 0/7
  1660 | D:2      | Found Hoicrish's Book Boutique.
  1984 | D:3      | Found a bloodstained altar of Trog.
  2106 | D:3      | Noticed Grinder
  2283 | D:3      | Noticed Sigmund
  2299 | D:3      | Killed Sigmund
  2300 | D:3      | Reached XP level 5. HP: 27/38 MP: 5/9
  2300 | D:3      | Reached XP level 6. HP: 31/44 MP: 5/10
  2616 | D:3      | Paralysed by Grinder for 3 turns
  2635 | D:4      | Learned a level 3 spell: Inner Flame
  3365 | D:3      | Found an iron altar of Okawaru.
  3927 | D:4      | Found a transporter.
  3946 | D:4      | Noticed octoduck's ghost (amateur DsGl)
  3947 | D:4      | Found a transporter.
  4465 | D:3      | Killed Grinder
  4466 | D:3      | Gained mutation: You are mostly covered in sharp spines.
                  | [demonic ancestry]
  4466 | D:3      | Reached XP level 7. HP: 51/51 MP: 2/12
  4810 | D:5      | Entered Level 5 of the Dungeon
  5335 | D:5      | Gained mutation: When seriously injured, your blood forms
                  | armour. (AC +6) [demonic ancestry]
  5335 | D:5      | Reached XP level 8. HP: 58/58 MP: 4/13
  6066 | D:6      | Noticed Menkaure
  6070 | D:6      | Killed Menkaure
  6107 | D:6      | Noticed Eustachio
  6257 | D:6      | Killed Eustachio
  6258 | D:6      | Reached skill level 5 in Fire Magic
  6394 | D:6      | Noticed Blork the orc
  6399 | D:6      | Killed Blork the orc
  6503 | D:6      | Found Xofel's Magic Scroll Emporium.
  6608 | D:6      | Found a large runed translucent door.
  6609 | D:6      | Found a large runed translucent door.
  6656 | D:6      | Reached skill level 5 in Stealth
  6719 | D:6      | Reached XP level 9. HP: 66/66 MP: 8/16
  7031 | D:6      | Found a hazy altar of Hepliaklqana.
  7393 | D:7      | Reached skill level 5 in Conjurations
  7567 | D:7      | Reached skill level 5 in Fighting
  7739 | D:7      | Noticed a boulder beetle
  7973 | D:8      | Reached skill level 5 in Dodging
  7973 | D:8      | Reached skill level 5 in Spellcasting
  8307 | D:7      | Shot with a bolt by an orc warrior

Illustrated notes

Levels and vault maps discovered:
D:1:      dpeg_arrival_pond, layout_loops_cross
D:2:      layout_rooms, serial_shops, shop
D:3:      layout_basic, okawaru_metal_pillars_1_2,
          mainiacjoe_overflow_six_doors_small, serial_bayou,
          serial_bayou_lake_a, serial_bayou_shore_a, serial_bayou_pond_e,
          serial_bayou_shore_b, uniq_grinder, uniq_sigmund
D:4:      layout_basic, gammafunk_ghost_mausoleum
D:5:      layout_basic, mrwooster_statue_mirror, grunt_ministairs_3
D:6:      layout_cave_pools, jmf_multi_god_temple2, serial_shops, shop,
          uniq_blork_the_orc, uniq_menkaure, uniq_eustachio
D:7:      layout_rooms, nicolae_overflow_hidden_temple,
          minmay_temple_entry_arrows
D:8:      layout_basic

Skill      XL: |  1  2  3  4  5  6  7  8  9 |
---------------+----------------------------+-----
Dodging        | 2 3 4 5 |  5.2
Stealth        | 2 3 4 5 |  5.6
Fighting       | 1 2 3 4 5 |  5.4
Fire Magic     | 3 4 5 |  5.7
Conjurations   | 2 3 4 5 |  5.4
Spellcasting   | 3 4 5 |  5.2

Action                     |  1- 3 |  4- 6 |  7- 9 || total
---------------------------+-------+-------+-------++-------
  Melee: Dagger            |    10 |    23 |    10 ||    43
         Kick              |     1 |     7 |     5 ||    13
         Staff             |       |     2 |       ||     2
         Punch             |       |     1 |       ||     1
   Cast: Foxfire           |    13 |    10 |    33 ||    56
         Scorch            |    18 |    56 |    92 ||   166
         Inner Flame       |       |       |    24 ||    24
  Evoke: Wand              |       |     7 |     2 ||     9
    Use: Scroll            |     7 |     1 |     9 ||    17
         Potion            |     2 |     3 |     2 ||     7
   Stab: Distracted        |     1 |       |       ||     1
         Sleeping          |     1 |       |       ||     1
 Armour: Robe              |     1 |       |       ||     1
         Leather armour    |     1 |     8 |    12 ||    21
  Dodge: Dodged            |     8 |    19 |    48 ||    75

Table legend: (Time is in decaauts)
 A = Elapsed time spent in this place.
 B = Non-inter-level travel time spent in this place.
 C = Inter-level travel time spent in this place.
 D = Time resting spent in this place.
 E = Time spent auto-exploring this place.
 F = Levels seen in this place.
 G = Mean time per level.
                   A        B        C        D        E       F      G
               +--------+--------+--------+--------+--------+-----+--------+
         Total |   8348 |   8031 |    317 |    174 |   6747 |   8 | 1043.5 |
       Dungeon |   8348 |   8031 |    317 |    174 |   6747 |   8 | 1043.5 |
               +--------+--------+--------+--------+--------+-----+--------+

Top non-repeatable levels by time:
     D:3: 1959 daAuts
     D:6: 1438 daAuts
     D:5: 1154 daAuts
     D:4: 1123 daAuts
     D:1: 975 daAuts
     D:2: 790 daAuts
     D:8: 521 daAuts
     D:7: 385 daAuts
